 Dungeon Crawl Stone Soup version 0.27-a0-668-gb5737ff2c0 (webtiles) character file.

Game seed: 7741616795701688979

82 Lanoc the Charlatan (level 4, 0/44 HPs)
             Began as an Ogre Artificer on Mar 17, 2021.
             Succumbed to an adder's poison
             ... on level 3 of the Dungeon.
             The game lasted 00:03:00 (2786 turns).

Lanoc the Charlatan (Ogre Artificer)                Turns: 2786, Time: 00:03:00

Health: 0/44       AC:  5    Str: 16    XL:     4   Next: 43%
Magic:  4/4        EV: 10    Int: 10    God:
Gold:   62         SH:  0    Dex: 10    Spells: 3/3 levels left

rFire    . . .     SeeInvis .   h - +0 dagger
rCold    . . .     Faith    .   (no shield)
rNeg     . . .     Spirit   .   b - +0 robe
rPois    .         Reflect  .   (helmet restricted)
rElec    .         Harm     .   (no cloak)
rCorr    .         Rampage  .   (gloves unavailable)
Will     .....                  (boots unavailable)
Stlth    +.........             (no amulet)
HPRegen  0.14/turn              (no ring)
MPRegen  0.09/turn              (no ring)

@: lethally poisoned (0 -> -2), flying
A: large, unfitting armour, tough skin 1, horns 1, iridescent scales 1, blink,
dopey 1
a: Blink


You were on level 3 of the Dungeon.
You visited 1 branch of the dungeon, and saw 3 of its levels.

You collected 84 gold pieces.
You spent 22 gold pieces at shops.

Inventory:

Hand Weapons
 h - a +0 dagger (weapon)
Armour
 b - a +0 robe (worn)
Wands
 c - a wand of flame (9) (quivered)
 d - a wand of charming (14)
 e - a wand of random effects (15)
Scrolls
 g - a scroll of identify {unknown}
 i - a scroll of random uselessness {unknown}
Potions
 a - a potion of flight
 j - a potion of mutation


   Skills:
 + Level 2.9 Fighting
 + Level 2.8 Dodging
 - Level 0.6 Stealth
 * Level 3.4 Evocations


You had 3 spell levels left.
You didn't know any spells.
Your spell library was empty.

Dungeon Overview and Level Annotations

Branches:
Dungeon (3/15)

Altars:
Cheibriados
Vehumet

Shops:
D:1 [   D:3 [*


Innate Abilities, Weirdness & Mutations

You are too large for most types of armour.
You have tough skin. (AC +1)
You have a pair of small horns on your head.
You are partially covered in iridescent scales. (AC +2)
You can translocate small distances at will.
You are dopey. (Int -2)


Message History

* * * LOW HITPOINT WARNING * * *
You feel sick. The bat closely misses you.
It was a potion of mutation.
You feel extremely strange.
You feel jittery. A pair of horns grows on your head!
You feel stupid.
Iridescent scales grow over part of your body.
* * * LOW HITPOINT WARNING * * *
You feel sick.
You closely miss the bat.
* * * LOW HITPOINT WARNING * * *
You feel sick. The bat hits you but does no damage.
* * * LOW HITPOINT WARNING * * *
You feel sick.
You hit the bat.
You kill the bat!
* * * LOW HITPOINT WARNING * * *
You feel sick.
* * * LOW HITPOINT WARNING * * *
You feel sick.
* * * LOW HITPOINT WARNING * * *
You feel sick.
There is an entrance to Ysejyw's Antique Armour Boutique here.
* * * LOW HITPOINT WARNING * * *
You feel sick.
* * * LOW HITPOINT WARNING * * *
You feel sick.
* * * LOW HITPOINT WARNING * * *
You feel sick.
Okay, then.
* * * LOW HITPOINT WARNING * * *
You feel sick.
* * * LOW HITPOINT WARNING * * *
You feel sick.
* * * LOW HITPOINT WARNING * * *
You feel sick.
* * * LOW HITPOINT WARNING * * *
You feel sick.
* * * LOW HITPOINT WARNING * * *
You feel sick.
A bat comes into view.
You die...

##### #### ### #...#######.b
..# # #.#.......#.# #.#.#
#...#####.#@# ####.#.## ##..#
#.#.########.......# #..#
#............##.#..# #.8#
#.#.#######..##.#..#
###..#####.#.# ###..##.#..#
#.8<∩.8.##.#.#####.....#.#..#
#.#..#..##.#.....#.....#....#
#.#.8#.#†.÷............####.#
# #..#....$(..##.#.....# #..


You could see a bat (asleep).

Vanquished Creatures
  Natasha (D:3)
  4 adders
  A leopard gecko (D:1)
  A giant cockroach (D:3)
  4 hobgoblins
  4 kobolds
  2 quokkas (D:1)
  2 bats
  A frilled lizard (D:1)
  A goblin (D:1)
  2 rats (D:2)
23 creatures vanquished.

Vanquished Creatures (collateral kills)
  A kobold (D:2)
1 creature vanquished.

Vanquished Creatures (others)
  A goblin (D:2)
1 creature vanquished.

Grand Total: 25 creatures vanquished

Notes
Turn   | Place    | Note
-------+----------+-------------------------------------------
     0 | D:1      | Lanoc the Ogre Artificer began the quest for the Orb.
     0 | D:1      | Reached XP level 1. HP: 19/19 MP: 1/1
     2 | D:1      | Noticed a demigod
     4 | D:1      | Noticed a gargoyle
     4 | D:1      | Noticed a vine stalker
     6 | D:1      | Noticed an octopode
     8 | D:1      | Noticed a centaur
     8 | D:1      | Noticed a felid
    10 | D:1      | Noticed a troll
    10 | D:1      | Noticed a merfolk
    12 | D:1      | Noticed a human
    12 | D:1      | Noticed a demonspawn
    14 | D:1      | Noticed a ghoul
    14 | D:1      | Noticed an elf
    16 | D:1      | Noticed a vampire
    16 | D:1      | Noticed a spriggan
    18 | D:1      | Noticed an ogre
    18 | D:1      | Noticed a formicid
    20 | D:1      | Noticed a tengu
    22 | D:1      | Noticed a halfling
    24 | D:1      | Noticed a draconian
    24 | D:1      | Noticed a minotaur
    26 | D:1      | Noticed a naga
    26 | D:1      | Noticed a dwarf
   478 | D:1      | Found Peja Oho's Armour Emporium.
   772 | D:1      | Reached XP level 2. HP: 18/28 MP: 2/2
  1627 | D:2      | Reached XP level 3. HP: 26/35 MP: 3/3
  1632 | D:2      | Reached skill level 3 in Evocations
  1895 | D:3      | Found a snail-covered altar of Cheibriados.
  1899 | D:3      | Found Isylor's Assorted Antiques.
  1909 | D:3      | Bought a scroll labelled BOMUTOCEIM for 22 gold pieces
  2197 | D:3      | Noticed Natasha
  2211 | D:3      | Killed Natasha
  2212 | D:3      | Reached XP level 4. HP: 10/44 MP: 4/4
  2454 | D:3      | Found a radiant altar of Vehumet.
  2494 | D:3      | Found Ysejyw's Antique Armour Boutique.
  2763 | D:3      | Gained mutation: You can translocate small distances at
                  | will. [potion of mutation]
  2763 | D:3      | Gained mutation: You have a pair of small horns on your
                  | head. [potion of mutation]
  2763 | D:3      | Gained mutation: You are dopey. (Int -2) [potion of
                  | mutation]
  2763 | D:3      | Gained mutation: You are partially covered in iridescent
                  | scales. (AC +2) [potion of mutation]
  2777 | D:3      | HP: 2/44 [poisoned by an adder]
  2782 | D:3      | HP: 1/44 [poisoned by an adder]
  2786 | D:3      | Succumbed to an adder's poison

Illustrated notes

Levels and vault maps discovered:
D:1:      kb_arrival_jail, layout_basic, serial_shops, nicolae_shop_trees,
          shop_coins, nicolae_shop_behind_doors, shop_statue,
          due_unseen_surprise
D:2:      cheibrodos_greedy_goblins, layout_rooms,
          lemuel_zombie_altar_yredelemnul, minmay_rat_gold_closets
D:3:      layout_loops_ring, overflow_temple_1_default,
          nicolae_vehumet_altar_sigil, nicolae_overflow_hidden_temple,
          minmay_overflow_temple_star_quad, serial_shops,
          nicolae_shop_statue_plus, nicolae_shop_statue_plus, shop, uniq_natasha

Skill      XL: |  1  2  3 |
---------------+----------+-----
Fighting       | 2 |  2.9
Evocations     | 3 |  3.4
Dodging        | |  2.8
Stealth        | |  0.6

Action                   |  1- 3 |  4- 6 || total
-------------------------+-------+-------++-------
Melee: Club              |    20 |       ||    20
       Dagger            |   105 |    35 ||   140
Evoke: Wand              |     5 |     2 ||     7
  Use: Potion            |       |     3 ||     3
 Stab: Sleeping          |     2 |       ||     2
Armor: Robe              |    33 |    17 ||    50
Dodge: Dodged            |    52 |    25 ||    77

Table legend: (Time is in decaauts)
 A = Elapsed time spent in this place.
 B = Non-inter-level travel time spent in this place.
 C = Inter-level travel time spent in this place.
 D = Time resting spent in this place.
 E = Time spent auto-exploring this place.
 F = Levels seen in this place.
 G = Mean time per level.
                   A        B        C        D        E       F      G
               +--------+--------+--------+--------+--------+-----+--------+
         Total |   2790 |   2790 |      0 |    215 |   2277 |   3 |  930.0 |
       Dungeon |   2790 |   2790 |      0 |    215 |   2277 |   3 |  930.0 |
               +--------+--------+--------+--------+--------+-----+--------+

Top non-repeatable levels by time:
     D:1: 1624 daAuts
     D:3: 890 daAuts
     D:2: 275 daAuts
